 Dungeon Crawl Stone Soup version 0.31-a0-516-gfcb59812bd (webtiles) character file.

Game seed: 10208049765653124776

13734 GordonOverkill the Cleaver (level 12, -10/100 HPs)
             Began as a Vine Stalker Delver on Aug 10, 2023.
             Was a Believer of Trog.
             Mangled by a skeletal warrior
             ... wielding a +0 short sword
              (13 damage)
             ... on level 12 of the Dungeon.
             The game lasted 00:21:11 (10102 turns).

GordonOverkill the Cleaver (Vine Stalker Delver)   Turns: 10102, Time: 00:21:12

Health: -10/100    AC: 13    Str: 27    XL:     12   Next: 9%
Magic:  0/20       EV: 11    Int: 15    God:    Trog [**....]
Gold:   934        SH:  0    Dex: 17    Spells: 21/21 levels left

rFire   . . .        D - +5 broad axe of Integrity {holy, Str+8 Int+3 Stlth-}
rCold   . . .        (no shield)
rNeg    . . .        A - +3 scale mail of the Changing Gods {Int+2}
rPois   +            q - +0 helmet
rElec   .            M - +1 cloak {Will+}
rCorr   .            (no gloves)
SInv    .            (no boots)
Will    ++...        e - amulet of regeneration Stlth
                     k - ring of poison resistance
HPRegen 1.96/turn    (no ring)
MPRegen 0.17/turn

%: guardian spirit
@: berserking (expiring), studying Axes, very quick
A: fangs 3, regeneration 1, magic shield, antimagic bite, no potion heal 2
a: Renounce Religion, Berserk, Trog's Hand


You were on level 12 of the Dungeon.
You worshipped Trog.
Trog was pleased with you.
You visited 2 branches of the dungeon, and saw 13 of its levels.
You also visited: Bailey.

You collected 934 gold pieces.

Inventory:

Hand Weapons
 n - a +3 vampiric trident
 s - a +0 broad axe
 D - the +5 broad axe of Integrity (weapon) {holy, Str+8 Int+3 Stlth-}
   (You found it on level 11 of the Dungeon)

   Str+8:     It affects your strength (+8).
   Int+3:     It affects your intelligence (+3).
   Stlth-:    It makes you less stealthy.
Missiles
 i - 3 curare-tipped darts
 L - 3 throwing nets (quivered)
Armour
 q - a +0 helmet (worn)
 A - the +3 scale mail of the Changing Gods (worn) {Int+2}
   (You found it on level 3 of the Dungeon)

   Int+2:     It affects your intelligence (+2).
 M - a +1 cloak of willpower (worn)
Jewellery
 e - an amulet of regeneration (around neck)
 k - a ring of poison resistance (left hand)
 I - an amulet of the acrobat
 K - an amulet of reflection
Wands
 b - a wand of charming (2)
 g - a wand of digging (3)
 O - a wand of iceblast (2)
Scrolls
 c - 3 scrolls of fog
 d - a scroll of revelation
 m - a scroll of silence {unknown}
 o - a scroll of enchant armour {unknown}
 p - a scroll of vulnerability {unknown}
 t - 6 scrolls of teleportation
 x - 2 scrolls of butterflies
 y - a scroll of fear
 C - 4 scrolls of blinking
 G - 2 scrolls of amnesia
Potions
 a - a potion of mutation {unknown}
 f - 2 potions of haste
 h - 4 potions of curing
 j - a potion of resistance {unknown}
 l - 2 potions of degeneration {unknown}
 r - 2 potions of enlightenment {unknown}
 u - 3 potions of might
 v - a potion of lignification {unknown}
 w - 3 potions of brilliance
 z - a potion of ambrosia
 B - 3 potions of cancellation {unknown}
 E - 3 potions of magic {unknown}
 F - 4 potions of attraction
 H - 2 potions of berserk rage
 J - 2 potions of heal wounds {unknown}
Miscellaneous
 P - a lightning rod (4/4)


   Skills:
 + Level 9.6 Fighting
 + Level 14.8 Axes
 - Level 2.0 Throwing
 - Level 5.0 Armour
 - Level 1.5 Dodging
 - Level 6.0 Stealth
 - Level 5.0 Spellcasting
 - Level 3.0 Evocations


You had 21 spell levels left.
You didn't know any spells.
Your spell library contained the following spells:

 Spells                   Type           Power      Damage    Failure   Level
 Sandblast                Erth           6%         2d5       34%         1
 Slow                     Hex            12%        N/A       34%         1
 Cigotuvi's Dreadful Rot  Necr/Pois/Air  6%         N/A       45%         2
 Passwall                 Tmut/Erth      2%         N/A       45%         2
 Confusing Touch          Hex            3%         N/A       71%         3
 Ignite Poison            Fire/Tmut/Pois 3%         N/A       71%         3
 Portal Projectile        Hex/Tloc       6%         N/A       71%         3
 Stone Arrow              Conj/Erth      6%         3d7       71%         3
 Tukima's Dance           Hex            3%         N/A       71%         3
 Vampiric Draining        Necr           3%         2d6       71%         3
 Iskenderun's Mystic Bla  Conj/Tloc      3%         2d3       98%         4
 Freezing Cloud           Conj/Ice/Air   1%         6-21      100%        5


Dungeon Overview and Level Annotations

Branches:
Dungeon (12/15)            Temple (1/1) D:4            Lair (0/5) D:10
    Orc (0/2) D:10         Bailey (visited)

Altars:
Ashenzari
Cheibriados
Dithmenos
Elyvilon
Fedhas
Gozag
Hepliaklqana
Kikubaaqudgha
Makhleb
Nemelex Xobeh
Okawaru
Qazlal
Ru
Sif Muna
Trog
Uskayaw
Vehumet
Wu Jian
Xom
Yredelemnul
Zin
The Shining One

Shops:
D:1 =

Annotations:
Temple 2 transporters


Innate Abilities, Weirdness & Mutations

You have razor-sharp teeth.
Your natural rate of healing is unusually fast.
When hurt, damage is shared between your health and your magic reserves.
Your bite disrupts and absorbs the magic of your enemies.
Potions cannot restore your health.


Message History

A skeletal warrior comes into view. It is wielding a +0 trident.
You feel a strong urge to attack something.
The slime creature quivers.
The skeletal warrior barely misses you.
A yak comes into view.
The skeletal warrior hits you with a +0 trident!!
* * * LOW HITPOINT WARNING * * *
The skeletal warrior moves out of view.
The yak bellows!
You slice the skeletal warrior!!
The skeletal warrior convulses!!
Your bite misses the skeletal warrior.
The skeletal warrior is almost destroyed.
You closely miss the skeletal warrior. You hit the skeletal warrior.
You destroy the skeletal warrior!
Trog accepts your kill.
You hit the skeletal warrior but do no damage.
The skeletal warrior hits you with a +0 scimitar!
* * * LOW HITPOINT WARNING * * *
A yak comes into view.
The yak bellows!
You slash the skeletal warrior!
The skeletal warrior convulses!
The skeletal warrior is moderately damaged. 2 yaks come into view.
The yak bellows!
The skeletal warrior hits you with a +0 scimitar!!
* * * LOW HITPOINT WARNING * * *
The skeletal warrior hits you with a +0 trident!
* * * LOW HITPOINT WARNING * * *
The skeletal warrior hits you with a +0 short sword!
* * * LOW HITPOINT WARNING * * *
You see here a +0 trident.
You hit the skeletal warrior but do no damage.
You barely miss the skeletal warrior. You slash the skeletal warrior!
The skeletal warrior convulses!
The skeletal warrior hits you with a +0 scimitar.
* * * LOW HITPOINT WARNING * * *
The skeletal warrior hits you but does no damage.
The skeletal warrior hits you with a +0 short sword!
You die...

.....,,^,,***,*** *.#
.^...,,,,,,,,,,,*#####.#
.°./.,,,^****,,,,,.....#
^...y,,,,* ******#.#..#
,,,,,^,,,* ####(#..#
,,,,,*,,,* ##.......#
**,***,***#####.....#.########
*,* *,* #.Y..z.z.......%...#
**,***,****.###z@..##.######.#
,,,,**,,,.YY.zY..#.##...* #.#
**,,,,,,,..Y######.####.# #.#
*,***,**#*,* #.# *.# #.# *,*
*,* *,* #.# *,# #.# *,* *,*
*,* **##J#***,* #.#
**,***,****,***,.../,,,,* #.#
,,,,,,,,,,,,,,,,.J.#***** #.#
******,********,#.#* #.#


You could see 4 skeletal warriors and 5 yaks.

Vanquished Creatures
  An orc warlord (Bailey)
  Snorg (D:11)
  2 centaur warriors
  A boulder beetle (D:12)
  A two-headed ogre (D:11)
  A skeletal warrior (D:12)
  A cyclops (D:11)
  An ugly thing (D:11)
  A gargoyle (D:12)
  A komodo dragon (D:10)
  5 trolls
  A slime creature (D:12)
  Sigmund (D:6)
  5 yaks (D:9)
  3 wraiths
  Grum (D:11)
  A wyvern (D:10)
  4 steam dragons
  A water moccasin (D:6)
  Duvessa (D:7)
  11 orc warriors
  3 ice beasts
  A black bear (D:6)
  2 ogres (D:5)
  4 wolves (D:11)
  3 centaurs
  2 phantoms (D:5)
  2 kobold brigands (D:8)
  A gnoll sergeant (D:8)
  3 scorpions
  3 wights (D:9)
  Dowan (D:7)
  4 howler monkeys
  7 killer bees
  5 hounds
  Crazy Yiuf (D:7)
  4 orc priests
  2 gnoll boudas
  2 jellies (D:5)
  Jessica (D:3)
  Natasha (D:4)
  Ijyb (D:3)
  6 orc wizards
  20 gnolls
  9 adders
  3 shadow imps
  2 white imps
  3 ufetubi
  4 worms (D:2)
  4 dart slugs
  35 orcs
  5 bats
  6 endoplasms
  A giant cockroach (D:1)
  25 goblins
  16 hobgoblins
  4 jackals (D:5)
  14 kobolds
  A quokka (D:4)
  8 ball pythons
  7 frilled lizards
  6 rats
277 creatures vanquished.

Vanquished Creatures (others)
  A kobold brigand (D:7)
1 creature vanquished.

Grand Total: 278 creatures vanquished

Notes
Turn   | Place    | Note
-------+----------+-------------------------------------------
     0 | D:5      | GordonOverkill the Vine Stalker Delver began the quest for
                  | the Orb.
     0 | D:5      | Reached XP level 1. HP: 11/11 MP: 2/2
     9 | D:6      | Noticed a steam dragon
    30 | D:7      | Noticed Duvessa
    31 | D:7      | Noticed Dowan
    31 | D:7      | Noticed a kobold brigand
    41 | D:6      | Noticed a hound
   186 | D:5      | Identified the +2 leather armour of the Merwolf {rN++}
   216 | D:5      | Identified the +1 ring mail of the Buccaneer {*Slow rC-
                  | rCorr Str+5}
   268 | D:4      | Reached XP level 2. HP: 16/16 MP: 3/3
   273 | D:4      | Reached skill level 2 in Axes
   381 | D:4      | Reached skill level 1 in Spellcasting
   381 | D:4      | Reached XP level 3. HP: 15/20 MP: 3/5
   440 | D:3      | Reached skill level 1 in Throwing
   710 | D:3      | Gained mutation: Your natural rate of healing is unusually
                  | fast. [Vine Stalker growth]
   710 | D:3      | Reached XP level 4. HP: 16/24 MP: 5/7
   800 | D:3      | Noticed Ijyb
  1098 | D:1      | Found Wealymyho's Jewellery Emporium.
  1568 | D:2      | Found an iron altar of Okawaru.
  1597 | D:2      | Reached XP level 5. HP: 28/28 MP: 9/9
  1604 | D:2      | Reached skill level 3 in Axes
  1631 | D:2      | Found a faded altar of an unknown god.
  1815 | D:3      | Killed Ijyb
  1848 | D:3      | Noticed Jessica
  1857 | D:3      | Killed Jessica
  1946 | D:3      | Identified the +3 scale mail of the Changing Gods {Int+2}
  2306 | D:4      | Noticed Natasha
  2322 | D:4      | Killed Natasha
  2323 | D:4      | Reached skill level 1 in Evocations
  2323 | D:4      | Reached XP level 6. HP: 31/32 MP: 11/11
  2503 | D:4      | Found a staircase to the Ecumenical Temple.
  2538 | Temple   | Found a transporter.
  2538 | Temple   | Found a transporter.
  2538 | Temple   | Found a transporter.
  2538 | Temple   | Found a transporter.
  2538 | Temple   | Entered the Ecumenical Temple
  2610 | D:5      | Reached skill level 4 in Axes
  2674 | D:5      | Reached XP level 7. HP: 36/36 MP: 12/12
  2727 | D:5      | Reached skill level 5 in Axes
  2821 | D:5      | Found a radiant altar of Vehumet.
  3199 | D:5      | Found a bloodstained altar of Trog.
  3274 | D:5      | Reached skill level 6 in Axes
  3274 | D:5      | Gained mutation: You have razor-sharp teeth. [Vine Stalker
                  | growth]
  3274 | D:5      | Reached XP level 8. HP: 40/40 MP: 13/15
  3560 | D:5      | Reached skill level 5 in Spellcasting
  3715 | D:5      | Became a worshipper of Trog the Wrathful
  3791 | D:6      | Reached skill level 7 in Axes
  3792 | D:6      | Noticed Sigmund
  3829 | D:6      | Killed Sigmund
  3830 | D:6      | Reached skill level 8 in Axes
  3830 | D:6      | Reached XP level 9. HP: 44/44 MP: 12/17
  4433 | D:7      | Killed Duvessa
  4442 | D:7      | Reached skill level 9 in Axes
  4493 | D:7      | Killed Dowan
  4666 | D:7      | Reached * piety under Trog
  4701 | D:7      | Found an ancient bone altar of Kikubaaqudgha.
  4866 | D:7      | Found a runed translucent door.
  4867 | D:7      | Noticed Crazy Yiuf
  5125 | D:7      | Killed Crazy Yiuf
  5274 | D:8      | Found a flagged portal.
  5279 | Bailey   | Entered a bailey
  5349 | Bailey   | Reached skill level 10 in Axes
  5371 | Bailey   | Reached skill level 1 in Armour
  5493 | Bailey   | Noticed an orc warlord
  5513 | Bailey   | Reached ** piety under Trog
  5532 | Bailey   | Reached XP level 10. HP: 51/51 MP: 14/18
  5659 | Bailey   | Killed an orc warlord
  5660 | Bailey   | Reached skill level 5 in Fighting
  5917 | Bailey   | Acquired a manual of Axes
  6305 | D:8      | Reached skill level 5 in Armour
  7402 | D:9      | Found a broken altar of Ashenzari.
  7803 | D:9      | Reached skill level 11 in Axes
  7900 | D:9      | Noticed a centaur warrior
  7909 | D:9      | Killed a centaur warrior
  7979 | D:9      | Reached XP level 11. HP: 58/58 MP: 19/19
  7983 | D:9      | Reached skill level 12 in Axes
  8273 | D:10     | Entered Level 10 of the Dungeon
  8682 | D:10     | Found a sparkling altar of Nemelex Xobeh.
  8728 | D:10     | Found a staircase to the Orcish Mines.
  8879 | D:10     | Found a staircase to the Lair.
  9182 | D:11     | Noticed Snorg
  9194 | D:11     | Killed Snorg
  9197 | D:11     | Reached skill level 13 in Axes
  9261 | D:11     | Noticed a green ugly thing
  9278 | D:11     | Killed a green ugly thing
  9656 | D:11     | Identified the +5 broad axe of Integrity {holy, Str+8 Int+3
                  | Stlth-}
  9675 | D:11     | Noticed Grum
  9676 | D:11     | Noticed a cyclops
  9683 | D:11     | Noticed a two-headed ogre
  9687 | D:11     | Killed a cyclops
  9688 | D:11     | Killed Grum
  9694 | D:11     | Killed a two-headed ogre
  9884 | D:11     | Noticed a cyclops
  9896 | D:12     | Noticed a boulder beetle
  9898 | D:12     | Reached skill level 14 in Axes
  9909 | D:12     | Killed a boulder beetle
  9910 | D:12     | Noticed a centaur warrior
  9917 | D:12     | HP: 1/62 [centaur warrior/arrow (15)]
  9942 | D:12     | Killed a centaur warrior
  9970 | D:12     | Reached XP level 12. HP: 58/66 MP: 17/20
 10102 | D:12     | HP: 3/100 [skeletal warrior/+0 scimitar (6)]
 10102 | D:12     | Mangled by a skeletal warrior

Illustrated notes

Levels and vault maps discovered:
D:1:      tarquinn_simple_flora_water_e, layout_rooms, serial_shops, shop,
          hangedman_abyss_or_decor_lesser_grid
D:2:      layout_rooms, basic_altar, basic_ecumenical_altar
D:3:      layout_basic, uniq_ijyb, uniq_jessica
D:4:      layout_rooms, minmay_temple_entry_grid, uniq_natasha
D:5:      layout_loops_ring, nicolae_overflow_hidden_temple,
          mainiacjoe_overflow_paths, mainiacjoe_overflow_alcove_4, serial_bayou,
          serial_bayou_pond_b, serial_bayou_lagoon_a, serial_bayou_lake_a,
          serial_bayou_pond_d, serial_bayou_pond_b
D:6:      layout_loops_ring, uniq_sigmund
D:7:      layout_rooms, mainiacjoe_overflow_cross_hatched, st_stairs_3,
          minivault_27, grunt_ministairs_8, uniq_crazy_yiuf_cottage,
          uniq_duvessa
D:8:      layout_layer_cave, enter_bailey_3
D:9:      layout_loops_cross, kennysheep_little_box, serial_glass,
          glass_columns_a, glass_columns_a, due_unseen_surprise
D:10:     layout_basic, kennysheep_mini_moat, david_lair_shrubbed, orc_0_dummy
D:11:     layout_basic, minmay_misc_feat_tiny, uniq_grum, uniq_snorg
D:12:     layout_loops_ring, minmay_holes, grunt_decor_cap
Temple:   hellmonk_temple_divided_pantheon

Skill      XL: |  1  2  3  4  5  6  7  8  9 10 11 |
---------------+----------------------------------+-----
Axes           | 2 3 4 6 8 10 11 14 | 14.8
Fighting       | 3 4 6 9 |  9.6
Spellcasting   | 1 2 3 4 5 |  5.0
Throwing       | 1 2 |  2.0
Evocations     | 1 2 3 |  3.0
Armour         | 2 5 |  5.0
Dodging        | |  1.5
Stealth        | |  6.0

Action                     |  1- 3 |  4- 6 |  7- 9 | 10-12 || total
---------------------------+-------+-------+-------+-------++-------
  Melee: Hand axe          |    74 |   198 |   230 |    45 ||   547
         Bite              |    12 |    54 |   116 |    78 ||   260
         Punch             |       |     3 |     7 |     1 ||    11
         Trident           |       |       |   187 |       ||   187
         Battleaxe         |       |       |       |   166 ||   166
         Broad axe         |       |       |       |    45 ||    45
  Throw: Dart              |       |       |     4 |     1 ||     5
         Throwing net      |       |       |       |     2 ||     2
 Invoke: Berserk           |       |       |     3 |    17 ||    20
  Evoke: Wand              |       |       |     2 |     4 ||     6
    Use: Scroll            |       |       |     6 |    11 ||    17
         Potion            |       |       |       |     1 ||     1
   Stab: Sleeping          |     3 |    14 |     4 |     1 ||    22
         Held in net/web   |       |       |       |     3 ||     3
         Invisible         |       |       |       |     2 ||     2
 Armour: Leather armour    |    25 |    41 |       |       ||    66
         Scale mail        |       |    28 |   204 |   118 ||   350
  Dodge: Dodged            |    49 |    96 |   192 |   163 ||   500

Table legend: (Time is in decaauts)
 A = Elapsed time spent in this place.
 B = Non-inter-level travel time spent in this place.
 C = Inter-level travel time spent in this place.
 D = Time resting spent in this place.
 E = Time spent auto-exploring this place.
 F = Levels seen in this place.
 G = Mean time per level.
                   A        B        C        D        E       F      G
               +--------+--------+--------+--------+--------+-----+--------+
         Total |  10382 |   9735 |    647 |   1317 |   5708 |  14 |  741.6 |
       Dungeon |   9713 |   9066 |    647 |   1192 |   5568 |  12 |  809.4 |
        Temple |      1 |      1 |      0 |      0 |      0 |   1 |    1.0 |
        Bailey |    666 |    666 |      0 |    125 |    140 |   1 |  666.0 |
               +--------+--------+--------+--------+--------+-----+--------+

Top non-repeatable levels by time:
     D:8: 1610 daAuts
     D:5: 1112 daAuts
    D:10: 918 daAuts
     D:9: 913 daAuts
     D:3: 888 daAuts
     D:6: 855 daAuts
     D:7: 764 daAuts
    D:11: 746 daAuts
  Bailey: 666 daAuts
     D:4: 632 daAuts
     D:1: 541 daAuts
     D:2: 506 daAuts
    D:12: 224 daAuts
  Temple: 1 daAuts
